 Dungeon Crawl Stone Soup version 0.26-a0-835-g8259106e14 (webtiles) character file.

Game seed: 8849888863813607246

36 kreisler the Vexing (level 3, -1/45 HPs)
             Began as a Gnoll Arcane Marksman on Nov 17, 2020.
             Slain by a kobold (2 damage)
             ... on level 1 of the Dungeon.
             The game lasted 00:06:56 (695 turns).

kreisler the Vexing (Gnoll Arcane Marksman)          Turns: 695, Time: 00:06:56

Health: -1/45      AC: 21    Str: 13    XL:     3   Next: 37%
Magic:  7/7        EV:  2    Int: 15    God:
Gold:   12         SH:  0    Dex: 15    Spells: 6/7 levels left

rFire    . . .     SeeInvis .   a - +0 shortbow
rCold    . . .     Faith    .   (shield currently unavailable)
rNeg     + + +     Spirit   .   (armour currently unavailable)
rPois    +         Reflect  .   (helmet currently unavailable)
rElec    .         Harm     .   (cloak currently unavailable)
rCorr    .         Rampage  .   (gloves currently unavailable)
MR       .....     NoTele   +   (boots currently unavailable)
Stlth    ++........             (no amulet)
HPRegen  0.15/turn              (no ring)
MPRegen  0.10/turn              (no ring)

@: tree-form (expiring)
A: distributed training, robust 1, wild magic 1, strong nose
a: no special abilities


You were on level 1 of the Dungeon.
You were a tree.
You visited 1 branch of the dungeon, and saw 1 of its levels.

You collected 12 gold pieces.

Inventory:

Hand Weapons
 a - a +0 shortbow (weapon)
Armour
 e - a +0 robe (melded)


   Skills:
 + Level 2.6 Fighting
 + Level 0.7 Short Blades
 + Level 0.7 Long Blades
 + Level 0.7 Axes
 + Level 0.7 Maces & Flails
 + Level 0.7 Polearms
 + Level 0.7 Staves
 + Level 0.7 Slings
 + Level 4.5 Bows
 + Level 0.7 Crossbows
 + Level 0.7 Throwing
 + Level 0.7 Armour
 + Level 4.5 Dodging
 + Level 0.7 Stealth
 + Level 0.7 Shields
 + Level 0.7 Unarmed Combat
 + Level 2.8 Spellcasting
 + Level 0.5 Conjurations
 + Level 5.4 Hexes
 + Level 0.5 Summonings
 + Level 0.5 Necromancy
 + Level 0.5 Translocations
 + Level 0.5 Transmutations
 + Level 0.5 Fire Magic
 + Level 0.5 Ice Magic
 + Level 0.5 Air Magic
 + Level 0.5 Earth Magic
 + Level 0.5 Poison Magic
 + Level 0.9 Invocations
 + Level 0.7 Evocations


You had 6 spell levels left.
You knew the following spells:

 Your Spells              Type           Power        Failure   Level
a - Corona                Hex            ###....      4%          1

Your spell library contained the following spells:

 Spells                   Type           Power        Failure   Level
 Slow                     Hex            ###.....     5%          2
 Inner Flame              Hex/Fire       ##......     26%         3
 Portal Projectile        Hex/Tloc       ##....       26%         3
 Cause Fear               Hex            ###.......   30%         4
 Leda's Liquefaction      Hex/Erth       ##........   61%         4


Dungeon Overview and Level Annotations

Branches:
Dungeon (1/15)

Altars:


Innate Abilities, Weirdness & Mutations

Your experience applies equally to all skills.
((You have very sharp teeth.))
Your uncanny sense of smell can sniff out nearby items.
((You are partially covered in slimy green scales. (AC +2)))
You are robust. (+10% HP)
Your spells are a little harder to cast, but a little more powerful.


Message History

* * * LOW HITPOINT WARNING * * *
You closely miss the kobold. The kobold hits you.
* * * LOW HITPOINT WARNING * * *
The kobold hits you.
* * * LOW HITPOINT WARNING * * *
It was a potion of mutation.
You feel extremely strange.
Slimy green scales grow over part of your body.
You feel robust.
You feel less in control of your magic. The kobold hits you but does no damage.
You clumsily bash the kobold but do no damage.
The kobold hits you but does no damage.
You clumsily bash the kobold but do no damage.
The kobold completely misses you. The kobold hits you but does no damage.
You barely miss the kobold.
Your transformation is almost over.
The kobold hits you.
* * * LOW HITPOINT WARNING * * *
You closely miss the kobold. The kobold hits you but does no damage.
The kobold hits you.
You die...

## ∆ ..# # # #.# +#
#. #. #.# ... #.##
#.####.# ...( #...
#....#.# ..... #.#.
#.#....###......
###...
#.......♣K......
+.....
###......###......
###... #........#
..... #.#. #.###†##.#
.... #... #.##.#####
... #.##
#.###.##.##...##+#
#.#
#........#.....#.#
#.#
#####.###........####
#.#
#####.###...........#
#.#


You could see a kobold.

Vanquished Creatures
  A leopard gecko (D:1)
  A giant cockroach (D:1)
  9 goblins (D:1)
  7 hobgoblins (D:1)
  2 jackals (D:1)
  5 bats (D:1)
  A frilled lizard (D:1)
  4 rats (D:1)
30 creatures vanquished.

Notes
Turn   | Place    | Note
-------+----------+-------------------------------------------
     0 | D:1      | kreisler the Gnoll Arcane Marksman began the quest for the
                  | Orb.
     0 | D:1      | Reached XP level 1. HP: 17/17 MP: 4/4
   106 | D:1      | Reached XP level 2. HP: 22/23 MP: 5/5
   361 | D:1      | Reached XP level 3. HP: 28/28 MP: 7/7
   690 | D:1      | HP: 1/42 [kobold (3)]
   691 | D:1      | Gained mutation: You are partially covered in slimy green
                  | scales. (AC +2) [potion of mutation]
   691 | D:1      | Gained mutation: You are robust. (+10% HP) [potion of
                  | mutation]
   691 | D:1      | Gained mutation: Your spells are a little harder to cast,
                  | but a little more powerful. [potion of mutation]
   695 | D:1      | Slain by a kobold

Illustrated notes

Levels and vault maps discovered:
D:1:      lemuel_arrival_broad_hall, layout_loops_corners, st_stairs_10

Action                   || total
-------------------------++-------
Melee: Shortbow          ||    54
       Bite              ||     3
 Fire: Shortbow          ||    84
Throw: Stone             ||     1
 Cast: Corona            ||     5
  Use: Scroll            ||     2
       Potion            ||     2
Armor: Robe              ||    17
       Skin              ||    25
Dodge: Dodged            ||    73

Table legend: (Time is in decaauts)
 A = Elapsed time spent in this place.
 B = Non-inter-level travel time spent in this place.
 C = Inter-level travel time spent in this place.
 D = Time resting spent in this place.
 E = Time spent auto-exploring this place.
 F = Levels seen in this place.
 G = Mean time per level.
                   A        B        C        D        E       F      G
               +--------+--------+--------+--------+--------+-----+--------+
         Total |    728 |    728 |      0 |      0 |    298 |   1 |  728.0 |
       Dungeon |    728 |    728 |      0 |      0 |    298 |   1 |  728.0 |
               +--------+--------+--------+--------+--------+-----+--------+

Top non-repeatable levels by time:
     D:1: 728 daAuts
